Map: Echo LE (Void)

Players

ShoWTimE - Winner!

  • Race: Protoss Protoss
  • Spawn Location: 11:00

Kelazhur

  • Race: Terran Terran
  • League: Diamond
  • Spawn Location: 5:00

Event: WESG 2016 Finals

VOD

Have the link to the VOD?

Description

Time

  • Played on: Jan. 12, 2017, 11:07 p.m.
  • Length: 9:24

All games in this series

Show
View Real Time Build Order
Export as new Build Order

ShoWTimE Protoss - Winner!

Build Orders: Dark Templar Rush 

Get SALT Encoding   

  12  0:01  Probe (Chrono Boost)  
  13  0:11  Probe (Chrono Boost)  
  14  0:17  Pylon  
  14  0:22  Probe (Chrono Boost)  
  15  0:35  Probe (Chrono Boost)  
  16  0:37  Gateway  
  16  0:43  Assimilator  
  16  0:47  Probe (Chrono Boost)  
  17  0:57  Probe (Chrono Boost)  
  18  1:08  Probe (Chrono Boost)  
  19  1:22  Probe (Chrono Boost), Zealot  
  22  1:27  Cybernetics Core  
  22  1:28  Pylon  
  23  1:34  Probe (Chrono Boost)  
  24  1:48  Probe (Chrono Boost)  
  24  2:06  Mothership Core (Chrono Boost)  
  26  2:09  Adept  
  26  2:13  Nexus  
  28  2:24  Probe (Chrono Boost)  
  28  2:25  Assimilator  
  28  2:28  Warp Gate  
  29  2:31  Pylon  
  29  2:35  Probe (Chrono Boost)  
  29  2:46  Probe (Chrono Boost)  
  30  2:56  Probe (Chrono Boost)  
  31  2:59  Twilight Council  
  31  3:08  Probe (Chrono Boost)  
  30  3:18  Probe (Chrono Boost)  
  31  3:22  Robotics Facility  
  31  3:28  Probe (Chrono Boost)  
  31  3:31  Probe (Chrono Boost)  
  33  3:39  Probe (Chrono Boost)  
  34  3:43  Probe (Chrono Boost)  
  34  3:44  Gateway  
  35  3:49  Probe (Chrono Boost), Dark Shrine  
  35  3:51  Gateway  
  37  3:56  Probe (Chrono Boost)  
  37  4:00  Probe (Chrono Boost)  
  38  4:03  Pylon  
  38  4:07  Warp Prism  
  38  4:08  Probe (Chrono Boost)  
  39  4:10  Probe (Chrono Boost)  
  42  4:17  Assimilator  
  42  4:20  Probe (Chrono Boost)  
  42  4:21  Assimilator  
  42  4:22  Probe (Chrono Boost)  
  44  4:25  Pylon  
  45  4:32  Probe (Chrono Boost), Stalker  
  45  4:34  Probe (Chrono Boost)  
  48  4:43  Stalker  
  48  4:44  Probe x2 (Chrono Boost)  
  52  4:49  Observer  
  53  4:55  Probe (Chrono Boost), Pylon  
  53  4:56  Probe (Chrono Boost)  
  55  5:05  Probe (Chrono Boost)  
  57  5:08  Probe (Chrono Boost)  
  57  5:09  Dark Templar  
  57  5:10  Dark Templar x2, Observer  
  64  5:16  Probe (Chrono Boost)  
  64  5:18  Pylon  
  64  5:20  Probe (Chrono Boost)  
  66  5:25  Pylon  
  66  5:38  Probe (Chrono Boost)  
  66  5:40  Probe (Chrono Boost)  
  66  5:41  Blink  
  68  5:44  Dark Templar x2, Adept  
  68  5:49  Probe (Chrono Boost)  
  73  5:52  Probe (Chrono Boost)  
  70  6:00  Probe (Chrono Boost)  
  72  6:04  Probe (Chrono Boost)  
  72  6:10  Probe (Chrono Boost)  
  73  6:14  Stalker  
  73  6:16  Probe (Chrono Boost)  
  76  6:19  Stalker x2  
  76  6:21  Probe (Chrono Boost)  
  81  6:29  Pylon  
  81  6:32  Nexus  
  78  6:33  Pylon  
  78  6:41  Probe (Chrono Boost), Immortal  
  78  6:43  Probe (Chrono Boost)  
  84  6:49  Sentry, Gateway  
  84  6:50  Sentry x2, Gateway  
  84  6:52  Gateway  
  86  7:02  Gateway  
  86  7:04  Pylon, Gateway  
  88  7:15  Immortal, Pylon  
  88  7:17  Probe x2 (Chrono Boost)  
  92  7:26  Stalker  
  92  7:27  Stalker x2  
  92  7:29  Resonating Glaives  
  99  7:38  Probe (Chrono Boost)  
  99  7:39  Probe (Chrono Boost), Pylon  
  100  7:47  Adept x3  
  100  7:50  Adept  
  110  7:51  Immortal  
  111  8:00  Dark Templar, Adept x2  
  115  8:07  Adept x2  
  115  8:08  Archon  
  119  8:24  Adept x2  
  119  8:25  Adept x3  
  127  8:28  Adept x2  
  127  8:33  Observer  
  131  8:34  Pylon  
  124  8:45  Stalker x3  
  124  8:46  Stalker x2  
  132  8:54  Pylon  
  132  8:56  Adept x3  
  138  9:11  Adept x3  
  138  9:12  Adept x2  
  138  9:16  Adept  
  150  9:17  Adept x2  
Show
View Real Time Build Order
Export as new Build Order

Kelazhur Terran 

Build Orders: Reaper Expand, MMM Bio 

Get SALT Encoding   

  12  0:00  SCV  
  13  0:12  SCV  
  14  0:17  Supply Depot  
  14  0:24  SCV  
  15  0:39  SCV  
  15  0:41  Barracks  
  16  0:48  Refinery  
  16  0:51  SCV  
  17  1:04  SCV  
  18  1:12  Engineering Bay  
  18  1:16  SCV  
  19  1:31  Orbital Command, Reaper  
  20  1:57  Command Center  
  20  2:01  SCV  
  21  2:05  Barracks Reactor  
  21  2:15  Supply Depot, SCV  
  22  2:19  Barracks  
  22  2:27  SCV  
  23  2:31  Factory  
  23  2:39  SCV  
  23  2:41  Marine x2  
  26  2:45  Refinery  
  26  2:51  SCV  
  27  2:59  Marine x2  
  27  3:03  SCV  
  30  3:13  Barracks Tech Lab  
  30  3:16  Marine  
  30  3:17  Marine  
  31  3:21  SCV  
  31  3:22  Orbital Command  
  32  3:29  Factory Reactor, Starport  
  32  3:32  Marine  
  32  3:33  SCV  
  34  3:36  Marine x2  
  36  3:45  Stimpack  
  36  3:46  SCV  
  36  3:48  SCV  
  37  3:50  Marine  
  37  3:54  Marine x2  
  40  3:58  SCV  
  40  4:00  SCV  
  40  4:01  Supply Depot  
  42  4:09  Marine  
  43  4:10  SCV  
  43  4:12  SCV  
  43  4:14  Marine  
  46  4:20  Supply Depot  
  46  4:23  Medivac x2, Marine  
  51  4:25  Factory Tech Lab, Supply Depot  
  51  4:26  SCV  
  51  4:28  SCV  
  51  4:30  Marine  
  54  4:37  Refinery  
  54  4:41  Marine x2, SCV x2  
  58  4:48  Supply Depot, Marine  
  58  4:49  Siege Tank  
  62  4:53  SCV  
  62  4:55  SCV  
  62  4:59  Marine  
  65  5:03  Marine  
  65  5:06  Marine, SCV  
  68  5:08  Engineering Bay  
  68  5:10  Supply Depot x2  
  68  5:12  Supply Depot  
  68  5:19  Marine  
  68  5:20  Marine  
  70  5:21  SCV  
  70  5:23  Siege Tank  
  67  5:40  Missile Turret x2  
  67  5:42  Marine x2, SCV  
  65  5:45  SCV  
  63  5:54  SCV  
  58  5:57  Marine, SCV  
  60  6:06  SCV  
  60  6:09  SCV  
  62  6:17  Marine x3  
  65  6:18  SCV  
  65  6:20  Missile Turret  
  67  6:25  SCV  
  67  6:30  SCV  
  68  6:35  Marine x3  
  68  6:37  SCV  
  71  6:42  Supply Depot, SCV  
  72  6:50  SCV  
  73  6:55  SCV  
  73  6:59  Terran Infantry Weapons Level 1  
  74  7:01  Siege Tank  
  74  7:02  SCV  
  74  7:03  Marine x2, Barracks Tech Lab  
  80  7:08  Medivac  
  80  7:15  SCV  
  83  7:20  SCV  
  83  7:21  Marine x2  
  85  7:25  Supply Depot, Combat Shields  
  85  7:29  Marine  
  86  7:31  SCV  
  89  7:39  Siege Tank, Marine x2  
  89  7:43  SCV  
  93  7:44  Supply Depot  
  93  7:50  Marine  
  94  7:57  Marine x2  
  95  8:08  Command Center, SCV x2  
  95  8:09  Supply Depot  
  95  8:12  Marine  
  98  8:15  Marine  
  96  8:20  SCV  
  96  8:22  SCV  
  96  8:23  Marine  
  96  8:26  Siege Tank  
  95  8:30  Marine  
  95  8:32  SCV  
  93  8:34  SCV  
  90  8:44  SCV  
  90  8:47  Marine x3, SCV  
  76  8:56  SCV  
  76  8:59  SCV  
  76  9:00  Armory  
  81  9:03  Engineering Bay  
  81  9:08  Supply Depot, SCV  
Tags
 
Add a new tag
Caveats
  • Supply blocks, unpowered buildings, or Contaminate may cause inaccurate times.
  • Supply counts are checked every 10 seconds.